 Dungeon Crawl Stone Soup version 0.18-a0-19-g8b99b3a (webtiles) character file.

86 wvc the Ducker (level 4, -4/24 HPs)
             Began as a Spriggan Monk on Nov 1, 2015.
             Shot with an arrow by a centaur (12 damage)
             ... on level 3 of the Dungeon.
             The game lasted 00:03:18 (2538 turns).

wvc the Ducker (Spriggan Monk)                      Turns: 2538, Time: 00:03:19

Health: -4/24      AC:  2    Str:  7    XL:     4   Next: 26%
Magic:  5/5        EV: 15    Int: 12    God:
Gold:   73         SH:  0    Dex: 18    Spells: 0 memorised, 3 levels left

rFire  . . .     SeeInvis +     d - +0 dagger
rCold  . . .     Clarity  .     a - +0 robe
rNeg   . . .     SustAt   .     (shield restricted)
rPois  .         Gourm    .     (helmet restricted)
rElec  .         Spirit   .     (no cloak)
rCorr  .         Warding  .     (gloves unavailable)
rMut   .         Stasis   .     (boots unavailable)
MR     .....                    (no amulet)
Stlth  +++.......               (no ring)
                                (no ring)

@: very quick, not resistant to hostile enchantments, fairly stealthy
A: unfitting armour, see invisible, herbivore 3, speed 3, slow metabolism 2
a: no special abilities


You were on level 3 of the Dungeon.
You were not hungry.

You visited 1 branch of the dungeon, and saw 3 of its levels.

You collected 73 gold pieces.

Inventory:

Hand Weapons
 d - a +0 dagger (weapon)
Armour
 a - a +0 robe (worn)
Scrolls
 c - a scroll of magic mapping {unknown}
 f - 4 scrolls of remove curse {unknown}
 g - a scroll of blinking {unknown}
Potions
 e - a potion of resistance {unknown}
 i - a potion of invisibility {unknown}
 j - a potion of might {unknown}
 k - a potion of haste {unknown}
 l - a potion of heal wounds {unknown}
 m - a potion of mutation {unknown}
 n - a potion of flight {unknown}
Comestibles
 b - 2 bread rations
 h - a slice of pizza


   Skills:
 - Level 3.0 Fighting
 * Level 3.7 Short Blades
 - Level 4.4 Dodging
 - Level 3.0 Stealth
 - Level 3.2 Unarmed Combat


You had 3 spell levels left.
You didn't know any spells.

Dungeon Overview and Level Annotations

Branches:
Dungeon (3/15)

Altars:

Annotations:
D:3 teron's ghost, amateur HEHu


Innate Abilities, Weirdness & Mutations

You are tiny and cannot use many weapons and most armour.
You have supernaturally acute eyesight.
You are a herbivore.
You cover ground extremely quickly.
You need consume almost no food.


Message History

You kill the quokka!
No target in view!
No target in view!
You see here a quokka corpse.
You start resting.
HP restored.
There is a stone staircase leading down here.
You climb downwards.
Level annotation: teron's ghost, amateur HEHu An adder, a rat and a centaur come into view.
The centaur shouts!
The centaur wields a shortbow.
The centaur shoots an arrow.
The arrow closely misses you.
The centaur shoots an arrow.
The arrow hits you!
Ouch! That really hurt!
* * * LOW HITPOINT WARNING * * *
There is a stone staircase leading up, spattered with blood here.
You see here 2 arrows.
The centaur shoots an arrow.
The arrow hits you!
Ouch! That really hurt!
You die...

.≈♣≈.c.
.≈.....
....r..
.......
.......
.......
#####.......
#...@.......
#..#.#+###..
#. ... #
♣≈≈≈P ≈≈≈≈≈P
.≈≈PS≈..
≈.≈≈≈≈.##
.≈≈≈≈≈≈P#


You could see a centaur, an adder (sleeping) and a rat.

Vanquished Creatures
  A giant frog skeleton (D:3)
  2 adders (D:2)
  An ooze (D:2)
  A worm (D:2)
  A giant gecko (D:2)
  3 bats
  4 hobgoblins
  6 jackals (D:2)
  3 quokkas (D:2)
  2 ball pythons
  A giant cockroach (D:2)
  2 giant newts (D:1)
  4 goblins
  4 rats
35 creatures vanquished.

Notes
Turn   | Place    | Note
--------------------------------------------------------------
     0 | D:1      | wvc the Spriggan Monk began the quest for the Orb.
     0 | D:1      | Reached XP level 1. HP: 11/11 MP: 2/2
   392 | D:1      | Reached XP level 2. HP: 16/16 MP: 3/3
   979 | D:2      | Reached skill level 1 in Short Blades
  1263 | D:2      | Reached XP level 3. HP: 18/20 MP: 4/4
  2184 | D:3      | Reached XP level 4. HP: 9/24 MP: 5/5
  2288 | D:3      | Noticed teron's ghost (amateur HEHu)
  2537 | D:3      | Noticed a centaur
  2538 | D:3      | Shot with an arrow by a centaur

Vault maps used:
D:1:      enne_arrival_octagon_isle, minmay_misc_feat_room, minivault_23,
          st_stairs_4
D:2:      minmay_misc_feat_alley
D:3:      serial_bayou, serial_bayou_pond_b, serial_bayou_shore_b,
          serial_bayou_crossing, serial_bayou_pond_d, serial_bayou_pond_b,
          serial_bayou_ford_a

Action                   |  1- 3 |  4- 6 || total
-------------------------+-------+-------++-------
Melee: Unarmed           |   153 |       ||   153
       Dagger            |    14 |    11 ||    25
 Stab: Sleeping          |     8 |       ||     8
